 Dungeon Crawl Stone Soup version 0.29.1-1-gd02db6906a (webtiles) character file.

Game seed: 12027757476950923672

700 Godmorgon the Destroyer (level 7, 0/36 HPs)
             Began as a Tengu Conjurer on Oct 14, 2022.
             Was an Initiate of Vehumet.
             Slain by a hornet zombie (8 damage)
             ... on level 5 of the Dungeon.
             The game lasted 00:18:00 (5429 turns).

Godmorgon the Destroyer (Tengu Conjurer)            Turns: 5429, Time: 00:18:00

Health: 0/36       AC:  3    Str:  8    XL:     7   Next: 65%
Magic:  9/23       EV: 14    Int: 20    God:    Vehumet [......]
Gold:   319        SH:  0    Dex: 12    Spells: 12/15 levels left

rFire   . . .      SeeInvis +   a - +0 rapier
rCold   . . .      Faith    .   (no shield)
rNeg    . . .      Spirit   .   c - +0 robe
rPois   .          Reflect  .   (helmet restricted)
rElec   .          Harm     .   (no cloak)
rCorr   .          Rampage  .   x - +0 pair of gloves
Will    .....                   (boots unavailable)
Stlth   ++........              (no amulet)
HPRegen 0.12/turn               i - ring of magical power
MPRegen 0.18/turn               q - ring of see invisible

@: flying quickly and evasively, quick
A: beak, talons 3, nimble flight
a: Renounce Religion


You were on level 5 of the Dungeon.
You worshipped Vehumet.
Vehumet was noncommittal.
You visited 2 branches of the dungeon, and saw 6 of its levels.

You collected 319 gold pieces.

Inventory:

Hand Weapons
 a - a +0 rapier (weapon)
Missiles
 e - 13 poisoned darts
 p - 2 boomerangs
 v - a throwing net
Armour
 c - a +0 robe (worn)
 x - a +0 pair of gloves (worn)
Jewellery
 h - a ring of ice
 i - a ring of magical power (left hand)
 q - a ring of see invisible (right hand)
Scrolls
 f - 6 scrolls of teleportation
 j - 3 scrolls of poison
 r - 2 scrolls of amnesia {unknown}
 s - a scroll of summoning {unknown}
 t - a scroll of blinking {unknown}
 u - a scroll of noise {unknown}
 w - a scroll of immolation {unknown}
 y - a scroll of acquirement {unknown}
 z - a scroll of vulnerability {unknown}
 A - a scroll of fog {unknown}
Potions
 b - a potion of magic
 g - 3 potions of might
 k - a potion of brilliance {unknown}
 l - 2 potions of berserk rage
 m - a potion of lignification {unknown}
 n - 4 potions of curing
 o - a potion of degeneration {unknown}


   Skills:
 * Level 0.7 Short Blades
 - Level 2.1 Dodging
 - Level 2.0 Stealth
 + Level 4.6 Spellcasting
 * Level 10.2 Conjurations


You had 12 spell levels left.
You knew the following spells:

 Your Spells              Type           Power      Damage    Failure   Level
d - Magic Dart            Conj           100%       1d8       1%          1
s - Searing Ray           Conj           90%        2d7       1%          2

Your spell library contained the following spells:

 Spells                   Type           Power      Damage    Failure   Level
 Dazzling Flash           Conj/Hex       50%        N/A       4%          3
 Fulminant Prism          Conj/Hex       12%        3d9       14%         4
 Iskenderun's Mystic Bla  Conj/Tloc      25%        2d7       14%         4


Dungeon Overview and Level Annotations

Branches:
Dungeon (5/15)             Temple (1/1) D:4

Altars:
Ashenzari
Dithmenos
Elyvilon
Fedhas
Gozag
Hepliaklqana
Makhleb
Nemelex Xobeh
Qazlal
Ru
Sif Muna
Trog
Uskayaw
Vehumet
Wu Jian
Xom
Yredelemnul
Zin

Shops:
D:3 =   D:5 *

Annotations:
D:5 1 transporter


Innate Abilities, Weirdness & Mutations

You have a beak for a mouth.
You have claws for feet.
Your magical nature lets you fly swiftly and evasively.


Message History

The hornet zombie barely misses you. The howler monkey skeleton hits you.
The searing ray hits the hornet zombie!
The hornet zombie is moderately damaged.
The hornet zombie completely misses you.
The howler monkey skeleton hits you.
The searing ray hits the hornet zombie!
The hornet zombie is moderately damaged.
You finish channelling your searing ray.
The hornet zombie hits you.
The howler monkey skeleton closely misses you.
The hornet zombie misses you.
Casting: Searing Ray (safe; 1% risk of failure)
Confirm with . or Enter, or press ? or * to list all spells.
Aiming: Searing Ray (safe; 1% risk of failure)
Press: ? - help, Shift-Dir - straight line, f - howler monkey skeleton
Aim: a howler monkey skeleton (96% to hit)
The searing ray hits the howler monkey skeleton!
The howler monkey skeleton is heavily damaged. (Press . to maintain the ray.)
The howler monkey skeleton hits you but does no damage.
The hornet zombie hits you but does no damage.
The searing ray hits the howler monkey skeleton!
You destroy the howler monkey skeleton!
Vehumet accepts your kill. The hornet zombie hits you.
Casting: Searing Ray (safe; 1% risk of failure)
Confirm with . or Enter, or press ? or * to list all spells.
Restarting spell: Searing Ray (safe; 1% risk of failure)
Press: ? - help, Shift-Dir - straight line, f - hornet zombie
Aim: a hornet zombie (moderately damaged, 84% to hit)
The searing ray hits the hornet zombie.
The hornet zombie is heavily damaged. (Press . to maintain the ray.)
The hornet zombie completely misses you.
The hornet zombie hits you.
* * * LOW HITPOINT WARNING * * *
The searing ray hits the hornet zombie!
The hornet zombie is severely damaged.
The hornet zombie hits you!
You die...

#....# #.# #....###### ######..
#####....##...#####....#.#
#####.................#.##...#
###.....................#.>÷....
#...###..#############....##...#
##.#####..#.).....[...#....÷..#..
#.........#...........#...######.
########..#..###@###.(#..........
#..#..#8#Z#8#..#......#.#.
##..#..........Z#........#.
####..§#.....©Z...)#©...).)...
####......#.Z........$#..........
..........#..#8#.#8#..#...#......
..........#..###.###..#..#.......
######.#..#...........#..#....###
#.#..#©......?...#..#....###


You could see a water moccasin zombie and a hornet zombie.

Vanquished Creatures
  Eustachio (D:5)
  A scorpion (D:4)
  A centaur zombie (D:5)
  2 jellies (D:5)
  3 hounds
  3 iron imps (D:3)
  An iguana (D:5)
  2 orc wizards (D:3)
  3 gnolls (D:3)
  A howler monkey skeleton (D:5)
  An adder (D:2)
  A worm (D:3)
  The ghost of nshep25 the Sneak, a weakling HuDe (D:5)
  A dart slug (D:1)
  16 orcs
  4 ball pythons
  7 endoplasms
  5 giant cockroaches
  4 hobgoblins
  4 jackals (D:2)
  7 quokkas
  4 bats
  5 frilled lizards
  9 goblins
  9 kobolds
  5 rats
101 creatures vanquished.

Notes
Turn   | Place    | Note
-------+----------+-------------------------------------------
     0 | D:1      | Godmorgon the Tengu Conjurer began the quest for the Orb.
     0 | D:1      | Reached XP level 1. HP: 10/10 MP: 4/4
   241 | D:1      | Reached XP level 2. HP: 15/15 MP: 3/6
   244 | D:1      | Learned a level 2 spell: Searing Ray
   534 | D:1      | Reached skill level 6 in Conjurations
   661 | D:1      | Found a faded altar of an unknown god.
   995 | D:1      | Reached XP level 3. HP: 19/19 MP: 3/7
  1411 | D:2      | Found a shimmering altar of Xom.
  2182 | D:2      | Reached XP level 4. HP: 24/24 MP: 9/9
  2525 | D:3      | Reached skill level 7 in Conjurations
  2626 | D:3      | Gained mutation: Your magical nature lets you fly swiftly
                  | and evasively. [Tengu growth]
  2626 | D:3      | Reached XP level 5. HP: 28/28 MP: 7/10
  2836 | D:3      | Found a burning altar of Makhleb.
  2844 | D:3      | Reached skill level 8 in Conjurations
  2934 | D:3      | Found Seceohif's Jewellery Emporium.
  3129 | D:3      | Reached XP level 6. HP: 32/32 MP: 12/12
  4248 | D:4      | Found a staircase to the Ecumenical Temple.
  4259 | Temple   | Entered the Ecumenical Temple
  4278 | Temple   | Became a worshipper of Vehumet
  4407 | D:4      | Found a stormy altar of Qazlal.
  4474 | D:4      | Found a hazy altar of Hepliaklqana.
  4485 | D:4      | Reached skill level 9 in Conjurations
  4686 | D:5      | Entered Level 5 of the Dungeon
  4706 | D:5      | Noticed Eustachio
  4863 | D:5      | Found Yppaecug's Neck Hole.
  4951 | D:5      | Noticed nshep25's ghost (weakling HuDe)
  4953 | D:5      | Found a transporter.
  4955 | D:5      | Found a transporter.
  4998 | D:5      | Reached XP level 7. HP: 32/36 MP: 14/14
  5162 | D:5      | Killed Eustachio
  5163 | D:5      | Reached skill level 10 in Conjurations
  5422 | D:5      | Killed nshep25's ghost
  5429 | D:5      | Slain by a hornet zombie

Illustrated notes

Levels and vault maps discovered:
D:1:      evilmike_arrival_rings, layout_loops_ring,
          hellmonk_ecumenical_altar_prayer_group, nicolae_figureground_pulse
D:2:      layout_loops_corners, basic_altar, minmay_tromino_v4_a
D:3:      layout_basic, demons_altar, serial_shops, shop
D:4:      layout_loops_ring, mainiacjoe_overflow_catwalk_spiral,
          minmay_temple_entry_junction
D:5:      layout_rooms, gammafunk_ghost_mausoleum,
          nicolae_shop_sticking_my_neck_out, uniq_eustachio
Temple:   eino_wide_crystal_templ

Skill      XL: |  1  2  3  4  5  6  7 |
---------------+----------------------+-----
Conjurations   | 6 7 8 9 10 | 10.2
Spellcasting   | 3 4 |  4.6
Short Blades   | |  0.7
Dodging        | |  2.1
Stealth        | |  2.0

Action                   |  1- 3 |  4- 6 |  7- 9 || total
-------------------------+-------+-------+-------++-------
Melee: Whip              |     1 |     3 |       ||     4
       Peck              |     1 |       |       ||     1
       Kick              |       |     1 |       ||     1
 Cast: Magic Dart        |    19 |     2 |       ||    21
       Searing Ray       |    30 |    53 |    11 ||    94
  Use: Scroll            |       |     5 |       ||     5
Armor: Robe              |       |     5 |     5 ||    10
Dodge: Dodged            |     3 |    21 |    18 ||    42
